Map: Ice and Chrome LE

Players

free - Winner!

  • Race: Zerg Zerg
  • League: Diamond
  • Spawn Location: 1:00

ShayminSky

  • Race: Terran Terran
  • League: Diamond
  • Spawn Location: 7:00

VOD

Have the link to the VOD?

Description

Time

  • Played on: July 5, 2020, 10:05 a.m.
  • Length: 12:50
Show
View Real Time Build Order
Export as new Build Order

free Zerg - Winner!

Build Orders: Hatch First, Muta Ling Bane 

Get SALT Encoding   

  12  0:01  Drone  
  13  0:13  Overlord  
  13  0:18  Drone  
  14  0:31  Drone x2  
  16  0:52  Hatchery  
  16  0:54  Drone  
  16  0:58  Drone  
  16  1:04  Drone  
  18  1:12  Extractor  
  17  1:19  Spawning Pool  
  17  1:20  Drone  
  17  1:21  Drone  
  18  1:29  Drone  
  19  1:39  Drone  
  20  1:53  Overlord  
  20  2:05  Zergling x4  
  20  2:07  Queen x2  
  27  2:15  Drone x2  
  27  2:16  Metabolic Boost  
  28  2:23  Drone  
  28  2:25  Drone  
  30  2:39  Hatchery  
  30  2:41  Drone  
  30  2:42  Drone  
  31  2:46  Overlord  
  31  2:55  Queen  
  33  2:58  Drone x2  
  35  3:05  Drone x2  
  35  3:08  Drone  
  38  3:17  Overlord  
  38  3:18  Drone  
  38  3:19  Drone  
  40  3:28  Overlord  
  40  3:29  Drone x2  
  40  3:31  Queen  
  44  3:41  Overlord  
  44  3:42  Drone x2  
  46  3:54  Drone x4  
  50  4:07  Overlord  
  50  4:11  Roach Warren  
  50  4:12  Extractor  
  50  4:14  Queen  
  50  4:18  Queen  
  52  4:35  Drone x12  
  64  4:39  Lair  
  64  4:53  Queen  
  64  4:57  Queen  
  68  5:02  Zergling x12  
  74  5:07  Overlord x3  
  74  5:08  Overlord  
  74  5:27  Zergling x4  
  74  5:28  Zergling x16  
  84  5:39  Zergling x12  
  87  5:46  Drone x4  
  91  5:55  Drone x5  
  96  6:03  Baneling Nest, Hatchery  
  94  6:06  Drone x2  
  94  6:07  Evolution Chamber x2  
  94  6:13  Queen  
  92  6:39  Drone x8  
  93  6:42  Extractor x2  
  93  6:43  Zerg Melee Weapons Level 1  
  93  6:44  Zerg Ground Armor Level 1  
  91  6:47  Spire  
  91  6:48  Drone x2  
  91  6:49  Drone, Extractor  
  91  6:54  Spore Crawler  
  91  7:06  Drone x2, Hatchery  
  91  7:08  Drone x4  
  96  7:11  Extractor, Zergling x2  
  96  7:12  Zergling x16  
  96  7:14  Overlord  
  104  7:16  Overlord x2  
  101  7:40  Zergling x2  
  101  7:41  Zergling x26  
  101  7:43  Overseer  
  101  7:44  Overseer  
  109  7:51  Pneumatized Carapace  
  106  7:54  Overlord  
  106  7:55  Zergling x10  
  106  7:56  Queen, Zergling x4  
  115  8:08  Drone x8  
  115  8:10  Centrifical Hooks  
  115  8:12  Zerg Flyer Weapons Level 1  
  123  8:13  Overseer  
  123  8:18  Hatchery  
  123  8:19  Baneling x5  
  122  8:20  Zergling x12  
  122  8:21  Queen  
  128  8:33  Queen, Zergling x20  
  140  8:38  Queen  
  142  8:43  Drone x2  
  142  8:44  Drone x2  
  142  8:46  Extractor x2  
  131  8:59  Zergling x8  
  131  9:00  Zergling x8  
  132  9:11  Zergling x24  
  132  9:16  Zerg Ground Armor Level 2, Zerg Melee Weapons Level 2  
  135  9:20  Mutalisk x5  
  137  9:26  Zergling x2  
  137  9:27  Zergling x6  
  120  9:39  Zergling x2  
  120  9:40  Zergling x8  
  120  9:41  Baneling  
  120  9:42  Baneling x13  
  120  9:43  Drone  
  126  9:47  Zergling x4  
  126  9:48  Zergling x6  
  129  10:00  Zergling x2  
  129  10:01  Zergling x20  
  129  10:04  Infestation Pit  
  129  10:06  Zerg Flyer Weapons Level 2  
  139  10:13  Zergling x12  
  145  10:18  Hatchery  
  128  10:26  Mutalisk  
  128  10:27  Mutalisk x10  
  149  10:29  Zergling x2  
  149  10:30  Zergling x10  
  155  10:42  Hive  
  155  10:48  Zergling x2  
  156  10:50  Overlord  
  156  10:51  Overlord x5  
  156  11:02  Baneling x3  
  156  11:03  Baneling x11  
  156  11:04  Baneling x6  
  156  11:10  Zergling x2  
  156  11:11  Zergling x34  
  165  11:12  Zergling x2  
  175  11:36  Baneling  
  175  11:37  Baneling x16  
  175  11:38  Zergling x12  
  175  11:39  Zergling x22  
  191  12:00  Zergling x10  
  191  12:01  Zergling x6  
  199  12:03  Baneling x9  
  170  12:22  Zergling x38  
  182  12:23  Zergling x20  
  182  12:26  Zergling x2  
Show
View Real Time Build Order
Export as new Build Order

ShayminSky Terran 

Build Orders: Reaper Expand 

Get SALT Encoding   

  12  0:01  SCV  
  13  0:13  SCV  
  14  0:17  Supply Depot  
  14  0:25  SCV  
  15  0:38  SCV  
  15  0:40  Barracks  
  16  0:45  Refinery  
  16  0:50  SCV  
  17  1:03  SCV  
  18  1:15  SCV  
  19  1:27  Reaper  
  19  1:28  Orbital Command  
  20  1:42  Command Center  
  21  1:54  SCV  
  21  1:55  Supply Depot  
  21  1:59  Barracks Reactor  
  21  2:06  SCV  
  22  2:09  Barracks  
  22  2:15  Refinery  
  22  2:18  SCV  
  23  2:25  Factory  
  23  2:31  SCV  
  24  2:42  Marine x2  
  24  2:43  SCV  
  27  2:54  Orbital Command  
  27  2:55  SCV  
  27  2:58  Bunker  
  28  2:59  Barracks Tech Lab  
  28  3:01  Marine  
  28  3:02  Marine  
  30  3:10  SCV  
  31  3:16  Starport  
  31  3:18  Factory Reactor  
  31  3:22  SCV  
  32  3:28  Stimpack  
  32  3:35  Marine x3  
  32  3:37  SCV x2  
  37  3:49  SCV x2  
  37  3:53  Supply Depot  
  37  3:55  Supply Depot  
  39  3:59  Marine x3  
  39  4:01  SCV x2  
  43  4:13  Medivac  
  43  4:15  Medivac  
  43  4:17  Marine x3  
  47  4:18  Supply Depot  
  47  4:20  SCV x2  
  52  4:26  Factory Reactor  
  52  4:32  SCV  
  52  4:33  SCV  
  54  4:45  Marine x3  
  57  4:47  SCV x2  
  57  4:49  Refinery x2  
  59  4:55  Command Center  
  59  5:02  Marine, Supply Depot  
  59  5:03  Marine x2  
  66  5:07  Widow Mine x2  
  66  5:09  SCV  
  66  5:10  SCV  
  66  5:11  Engineering Bay  
  66  5:14  Engineering Bay  
  68  5:15  Medivac  
  70  5:21  Medivac  
  70  5:23  Supply Depot  
  70  5:25  Supply Depot  
  70  5:27  Combat Shield  
  72  5:28  Marine  
  72  5:29  Marine x2  
  73  5:46  Widow Mine x2, Marine x2  
  73  5:47  SCV x2, Marine  
  82  5:50  Terran Infantry Weapons Level 1  
  82  5:51  Terran Infantry Armor Level 1  
  82  5:59  SCV x2  
  84  6:04  Marine x3  
  84  6:06  Orbital Command  
  84  6:10  Armory  
  86  6:31  Orbital Command  
  68  6:36  Marine x3  
  68  6:37  Widow Mine  
  68  6:38  Widow Mine  
  68  6:39  Medivac x2  
  75  6:48  Barracks x2  
  75  6:49  Barracks  
  75  6:50  SCV, Barracks x2  
  75  6:51  SCV  
  77  6:58  SCV  
  78  7:03  SCV  
  79  7:08  Marine x2  
  79  7:09  Marine  
  79  7:10  Widow Mine x2  
  79  7:13  Medivac x2  
  79  7:15  SCV x3  
  90  7:37  Marine  
  90  7:38  Marine  
  90  7:39  Barracks Reactor x3  
  90  7:40  Barracks Reactor  
  90  7:56  Marine x2  
  90  7:58  Marine  
  94  8:00  Barracks Reactor  
  94  8:01  SCV x3  
  96  8:08  Terran Infantry Weapons Level 2  
  96  8:10  Command Center  
  96  8:12  Refinery  
  96  8:13  SCV x2, Refinery  
  96  8:17  Marine  
  96  8:18  Marine x10  
  109  8:31  Supply Depot x2  
  109  8:32  Supply Depot  
  109  8:33  Supply Depot  
  109  8:34  SCV  
  109  8:35  SCV x2, Marine, Supply Depot  
  109  8:36  Marine x4  
  117  8:42  Marine x8  
  125  8:53  Marine x5  
  111  9:00  Marine x8  
  110  9:11  Marine x4  
  110  9:17  Marine x3  
  107  9:18  Widow Mine x2, Marine x6  
  107  9:19  Medivac x2  
  118  9:29  Marine x4  
  119  9:34  Marine  
  119  9:35  Marine x2  
  119  9:36  Terran Infantry Armor Level 2  
  119  9:37  Marine  
  123  9:46  SCV  
  123  9:47  SCV x2  
  123  9:48  Planetary Fortress  
  126  9:53  Widow Mine  
  126  9:54  Widow Mine  
  128  10:03  SCV  
  128  10:04  SCV  
  130  10:10  Supply Depot x2  
  130  10:11  Supply Depot x2  
  90  10:24  Marine  
  90  10:25  Marine x12  
  96  10:30  SCV x4  
  100  10:42  SCV x2, Marine  
  102  10:43  Marine x5  
  108  10:54  Marine  
  108  10:55  Marine x6  
  108  10:56  Widow Mine x2  
  120  10:57  SCV x4  
  120  11:00  Marine x3  
  126  11:09  SCV x4  
  130  11:15  Marine x10  
  130  11:18  Marine x2  
  140  11:21  SCV  
Tags
 
Add a new tag
Caveats
  • Supply blocks, unpowered buildings, or Contaminate may cause inaccurate times.
  • Supply counts are checked every 10 seconds.